 Dungeon Crawl Stone Soup version 0.28-a0-998-gb9e9c7b67e (webtiles) character file.

Game seed: 6285520761038010386

1096 vurker the Zephyrmancer (level 8, 38/38 HPs)
             Began as a Felid Air Elementalist on Dec 5, 2021.
             Was an Initiate of Vehumet.
             Quit the game on level 8 of the Dungeon.
             The game lasted 00:10:35 (11692 turns).

vurker the Zephyrmancer (Felid Air Elementalist)   Turns: 11692, Time: 00:10:35

Health: 38/38      AC:  2    Str:  4    XL:     8   Next: 10%
Magic:  3/21       EV: 17    Int: 20    God:    Vehumet [......]
Gold:   361        SH:  0    Dex: 17    Spells: 18/23 levels left
                                        Lives:  0   Deaths: 2

rFire   . . .      SeeInvis +   (weapon unavailable)
rCold   . . .      Faith    .   (shield unavailable)
rNeg    . . .      Spirit   .   (armour unavailable)
rPois   .          Reflect  .   (helmet unavailable)
rElec   .          Harm     .   (cloak unavailable)
rCorr   .          Rampage  .   (gloves unavailable)
Will    +....                   (boots unavailable)
Stlth   +.........              (no amulet)
HPRegen 0.12/turn               f - ring of wizardry
MPRegen 0.17/turn               (no ring)

@: lit by a corona, glowing, quick
A: very small, claws 1, fangs 3, see invisible, speed 1, shaggy fur 2, stealthy
paws, no weapons or thrown items, no armour, multi-lived
a: Renounce Religion


You were on level 8 of the Dungeon.
You worshipped Vehumet.
Vehumet was noncommittal.
You visited 2 branches of the dungeon, and saw 9 of its levels.

You collected 383 gold pieces.
You spent 22 gold pieces at shops.

Inventory:

Jewellery
 f - a ring of wizardry (left paw)
   (You found it on level 3 of the Dungeon)
 h - an amulet of faith
   (You found it on level 8 of the Dungeon)
Wands
 c - a wand of charming (8)
   (You found it on level 6 of the Dungeon)
 d - a wand of iceblast (7)
   (You found it on level 8 of the Dungeon)
Scrolls
 a - a scroll of identify
 i - a scroll of fog {unknown}
 j - a scroll of teleportation
 k - a scroll of magic mapping
 m - a scroll of blinking
 q - 4 scrolls of summoning
 t - 2 scrolls of immolation
Potions
 b - a potion of brilliance {unknown}
 e - 3 potions of attraction {unknown}
 g - a potion of resistance {unknown}
 l - 4 potions of flight {unknown}
 n - a potion of might {unknown}
 o - 2 potions of invisibility {unknown}
 p - 2 potions of lignification {unknown}
 r - a potion of degeneration {unknown}
 s - 3 potions of curing


   Skills:
 + Level 6.0 Fighting
 - Level 2.6 Dodging
 - Level 2.6 Stealth
 * Level 8.2 Spellcasting
 - Level 3.0 Conjurations
 * Level 8.4 Air Magic


You had 18 spell levels left.
You knew the following spells:

 Your Spells              Type           Power      Damage    Failure   Level
a - Shock                 Conj/Air       100%       1d9       1%          1
c - Airstrike             Air            21%        N/A       1%          4

Your spell library contained the following spells:

 Spells                   Type           Power      Damage    Failure   Level
 Static Discharge         Conj/Air       31%        N/A       1%          2
 Swiftness                Air            42%        N/A       1%          3
 Animate Skeleton         Necr           16%        N/A       3%          1
 Pain                     Necr           32%        1d5       3%          1
 Slow                     Hex            32%        N/A       3%          1
 Confusing Touch          Hex            8%         N/A       11%         3
 Vampiric Draining        Necr           8%         2d6       11%         3
 Hailstorm                Conj/Ice       14%        3d5       17%         4
 Ice Form                 Ice/Tmut       8%         N/A       32%         4
 Simulacrum               Ice/Necr       4%         N/A       99%         6


Dungeon Overview and Level Annotations

Branches:
Dungeon (8/15)             Temple (1/1) D:7
   Lair: D:8-11

Altars:
Dithmenos
Elyvilon
Fedhas
Kikubaaqudgha
Nemelex Xobeh
Ru
Sif Muna
Trog
Uskayaw
Vehumet
Wu Jian
Zin

Shops:
D:4 ?

Annotations:
D:7 3 runed translucent doors, Gwenloh's ghost, novice DDIE
D:8 Harold


Innate Abilities, Weirdness & Mutations

You have sharp claws.
You have razor-sharp teeth.
You have supernaturally acute eyesight. (SInv)
You cover ground quickly. (Speed+)
You are covered in thick fur. (AC +2)
Your paws help you pounce on unaware monsters.
You are incapable of wielding weapons or throwing items.
You cannot wear armour.
You gain extra lives every three experience levels.


Message History

You can't see any susceptible monsters within range! (Use Z to cast anyway.)
m - a scroll of blinking You can't see any susceptible monsters within range! (Use Z to cast anyway.)
d - a wand of iceblast (7);
t - a scroll of immolation You can't see any susceptible monsters within range! (Use Z to cast anyway.)
Found an escape hatch in the floor.
You can't see any susceptible monsters within range! (Use Z to cast anyway.)
You now have 361 gold pieces (gained 12).
t - 2 scrolls of immolation (gained 1)
You can't see any susceptible monsters within range! (Use Z to cast anyway.) Key pressed, stopping explore.
You can't see any susceptible monsters within range! (Use Z to cast anyway.)
There is an escape hatch in the floor here.
Found 9 gold pieces.
You can't see any susceptible monsters within range! (Use Z to cast anyway.)
Found a leather armour.
You can't see any susceptible monsters within range! (Use Z to cast anyway.)
A gnoll comes into view. It is wielding a +0 flail.
The gnoll shouts!
A gnoll comes into view. It is wielding a +0 spear.
Aim: a gnoll, wielding a +0 flail (empty space bonus: 7/8)
The air twists around and strikes the gnoll!!
You kill the gnoll!
Vehumet accepts your kill.
The gnoll shouts!
You hear a shout!
A gnoll shaman comes into view. It is wielding a +0 whip.
Aim: a gnoll, wielding a +0 spear (empty space bonus: 7/8)
The air twists around and strikes the gnoll!
You kill the gnoll!
Vehumet accepts your kill.
A gnoll shaman is nearby!
Aim: a gnoll shaman, wielding a +0 whip and wearing a +0 robe (empty space bonus: 8/8)
The air twists around and strikes the gnoll shaman!
You hear a shout!
The gnoll shaman mumbles some strange prayers to its god against you.
You are outlined in light.
A gnoll shaman is nearby!
Aim: a gnoll shaman, wielding a +0 whip and wearing a +0 robe (almost dead, empty space bonus: 8/8)
The air twists around and strikes the gnoll shaman!
You kill the gnoll shaman!
Vehumet accepts your kill.
A gnoll comes into view. It is wielding a +0 halberd.
Your Fighting skill increases to level 6!
Aim: a gnoll, wielding a +0 halberd (77% to hit)
The zap hits the gnoll.
A gnoll comes into view. It is wielding a +0 halberd.
Aim: a gnoll, wielding a +0 halberd (lightly wounded, 77% to hit)
The zap misses the gnoll.
Aim: a gnoll, wielding a +0 halberd (lightly wounded, 77% to hit)
The zap hits the gnoll.

#..... ... .......
###... ##...))....##
#... .....g..[....
###...
...g#.......##.....
#.#.........#......
###.#................
#$.........#.........
#..@............#...
##..................
##........#........
##......>...#.....
#.....#....##....
#....##.....#....
##.#####.#....... ###
####...##. #....###.


You could see 2 gnolls.

Vanquished Creatures
  A gargoyle (D:6)
  Grinder (D:4)
  A steam dragon (D:7)
  Menkaure (D:4)
  5 sky beasts
  A necrophage (D:6)
  3 ogres
  4 centaurs
  A phantom (D:7)
  2 kobold brigands (D:8)
  2 bullfrogs
  A water moccasin skeleton (D:7)
  4 howler monkeys
  3 wights (D:7)
  A centaur zombie (D:4)
  A bullfrog zombie (D:7)
  5 hounds
  A jelly (D:7)
  2 centaur skeletons (D:7)
  A gnoll shaman (D:8)
  4 orc priests
  6 iguanas
  5 orc wizards
  A hound zombie (D:5)
  A howler monkey zombie (D:6)
  6 gnolls
  7 adders
  2 white imps (D:4)
  An adder skeleton (D:4)
  4 worms
  4 dart slugs
  22 orcs
  6 endoplasms
  A giant cockroach (D:2)
  5 goblins
  5 hobgoblins
  4 jackals (D:4)
  16 kobolds
  2 quokkas
  7 ball pythons
  12 bats
  4 frilled lizards
  14 rats
180 creatures vanquished.

Notes
Turn   | Place    | Note
-------+----------+-------------------------------------------
     0 | D:1      | vurker the Felid Air Elementalist began the quest for the
                  | Orb.
     0 | D:1      | Reached XP level 1. HP: 7/7 MP: 4/4
    67 | D:1      | Reached skill level 1 in Conjurations
   258 | D:1      | Reached XP level 2. HP: 12/12 MP: 4/6
  1048 | D:2      | Reached skill level 1 in Fighting
  1128 | D:2      | Reached XP level 3. HP: 15/15 MP: 0/7
  2589 | D:3      | Reached XP level 4. HP: 19/19 MP: 5/9
  3259 | D:4      | Found Fuorchaim's Magic Scroll Shoppe.
  3261 | D:4      | Noticed Menkaure
  3270 | D:4      | Killed Menkaure
  3271 | D:4      | Reached XP level 5. HP: 13/22 MP: 2/11
  3395 | D:4      | Bought a scroll of identify for 22 gold pieces
  4332 | D:4      | Gained mutation: You are covered in thick fur. (AC +2)
                  | [Felid growth]
  4332 | D:4      | Reached XP level 6. HP: 21/26 MP: 5/12
  4667 | D:4      | Noticed Grinder
  4688 | D:4      | Killed Grinder
  4689 | D:4      | Reached XP level 7. HP: 18/31 MP: 5/14
  4987 | D:4      | Reached skill level 5 in Air Magic
  5843 | D:5      | Entered Level 5 of the Dungeon
  6025 | D:5      | Learned a level 4 spell: Airstrike
  6040 | D:4      | Reached skill level 5 in Spellcasting
  6495 | D:5      | Reached XP level 8. HP: 32/35 MP: 1/17
  7335 | D:6      | You fall into a shaft and drop 2 floors!
  7807 | D:6      | Noticed a gargoyle
  8142 | D:6      | Killed a gargoyle
  8375 | D:6      | Reached XP level 9. HP: 23/40 MP: 0/20
  8762 | D:6      | Reached skill level 5 in Fighting
  9973 | D:7      | Found a staircase to the Ecumenical Temple.
 10289 | Temple   | Entered the Ecumenical Temple
 10300 | Temple   | Became a worshipper of Vehumet
 10606 | D:7      | Found a runed translucent gate.
 10606 | D:7      | Found a runed translucent gate.
 10606 | D:7      | Found a runed translucent gate.
 10606 | D:7      | Noticed Gwenloh's ghost (novice DDIE)
 10775 | D:7      | HP: 2/41 [poisoned by a kobold]
 11133 | D:8      | Noticed Harold
 11145 | D:8      | Slain by Harold
 11146 | D:8      | Reached XP level 8. HP: -4/38 MP: 10/20
 11391 | D:8      | Killed from afar by Harold
 11392 | D:8      | Reached XP level 7. HP: -5/34 MP: 1/19
 11469 | D:8      | Reached XP level 8. HP: 38/38 MP: 12/21
 11692 | D:8      | Quit the game

Illustrated notes

Levels and vault maps discovered:
D:1:      dpeg_arrival_simpleton_a, layout_basic
D:2:      layout_rooms
D:3:      layout_basic
D:4:      layout_gridville, serial_shops, nicolae_shop_crystal, minmay_between,
          uniq_grinder, uniq_menkaure
D:5:      layout_cave_pools
D:6:      layout_basic
D:7:      layout_loops_ring, minmay_temple_entry_arrows,
          gammafunk_ghost_nasty_kobolds, roderic_batcave
D:8:      layout_cave_pools, uniq_harold
Temple:   lightli_temple_of_artemis

Skill      XL: |  1  2  3  4  5  6  7  8  9 |
---------------+----------------------------+-----
Conjurations   | 1 2 3 |  3.0
Air Magic      | 3 4 5 7 8 |  8.4
Fighting       | 1 2 3 6 5 |  6.0
Spellcasting   | 3 4 5 8 7 |  8.2
Dodging        | |  2.6
Stealth        | |  2.6

Action                   |  1- 3 |  4- 6 |  7- 9 || total
-------------------------+-------+-------+-------++-------
Melee: Unarmed           |     4 |     2 |     5 ||    11
       Bite              |     1 |       |       ||     1
 Cast: Shock             |   100 |   109 |   171 ||   380
       Airstrike         |       |       |   109 ||   109
  Use: Scroll            |       |       |    13 ||    13
 Stab: Sleeping          |       |       |     1 ||     1
Armor: Skin              |     1 |     2 |     4 ||     7
Dodge: Dodged            |    13 |    20 |    61 ||    94

Table legend: (Time is in decaauts)
 A = Elapsed time spent in this place.
 B = Non-inter-level travel time spent in this place.
 C = Inter-level travel time spent in this place.
 D = Time resting spent in this place.
 E = Time spent auto-exploring this place.
 F = Levels seen in this place.
 G = Mean time per level.
                   A        B        C        D        E       F      G
               +--------+--------+--------+--------+--------+-----+--------+
         Total |  10801 |  10464 |    337 |    967 |   8286 |   9 | 1200.1 |
       Dungeon |  10782 |  10453 |    329 |    967 |   8285 |   8 | 1347.8 |
        Temple |     18 |     10 |      8 |      0 |      1 |   1 |   18.0 |
               +--------+--------+--------+--------+--------+-----+--------+

Top non-repeatable levels by time:
     D:4: 2827 daAuts
     D:7: 2118 daAuts
     D:5: 1293 daAuts
     D:3: 1153 daAuts
     D:6: 1088 daAuts
     D:1: 853 daAuts
     D:2: 803 daAuts
     D:8: 644 daAuts
  Temple: 18 daAuts
